AoeStats
← The Stray King

Lombardia

510258352Analyzed
4v4 RM · 2d ago on Sep 30, 2026· 47m 34s· 8 players
Game mode
Random Map
Map size
Large (8 player)
Population
200
Speed
Normal
Resources
Standard
Victory
Conquest
Starting age
Dark Age
Ending age
Imperial Age
RankedLock teamsTeams togetherTeam positionsShared explorationLock speedFull tech treeHidden civsTurbo modeCheats
Victory
Defeat
🇧🇷 Maya · Brazil
1529
+8
1453
+10
🇦🇷 Mongols · Argentina
1395
+13
1394
+13
🇺🇸 Magyars · United States
1499
-17
🇺🇸 Britons · United States
1333
-11
🇳🇿 Teutons · New Zealand
1292
-10
🇺🇸 Varangians · United States
1161
-6
你可以打我队友吗
11:03 Feudal Age
10:19 Loom
14:57 Castle Age
12:49 Double-Bit Axe
13:02 Horse Collar
20:49 Town Watch
23:00 Scale Barding Armor
24:35 Heavy Plow
25:41 Bow Saw
25:55 Gold Mining
26:34 Forging
27:40 Wheelbarrow
27:46 Gold Shaft Mining
27:36 Bloodlines
27:26 Husbandry
31:20 Imperial Age
30:08 Chain Barding Armor
30:32 Hand Cart
30:10 Treadmill Crane
31:36 Heavy Camel Rider
32:51 Conscription
33:15 Plate Barding Armor
35:20 Iron Casting
35:37 Maghrebi Camels
37:58 Blast Furnace
36:49 Fletching
37:02 Kasbah
39:28 Caravan
40:27 Ballistics
40:19 Fortified Wall
41:09 Chemistry
41:10 Bodkin Arrow
42:20 Guilds
42:40 Coinage
43:49 Bracer
46:09 Banking
46:53 Crop Rotation
46:16 Stone Mining
黑糖
10:33 Feudal Age
14:52 Castle Age
13:03 Double-Bit Axe
12:59 Horse Collar
22:14 Loom
24:43 Wheelbarrow
23:54 Town Watch
25:35 Bow Saw
26:01 Gold Mining
26:08 Fletching
26:20 Padded Archer Armor
28:58 Town Patrol
32:17 Imperial Age
30:03 Hand Cart
30:20 Bodkin Arrow
31:22 Leather Archer Armor
33:14 Gold Shaft Mining
32:59 Scale Barding Armor
34:37 Chemistry
33:56 Bracer
36:00 Ballistics
35:51 Stone Mining
36:31 Chain Barding Armor
36:21 Forging
36:33 Bloodlines
36:23 Husbandry
36:39 Elite Mangudai
38:37 Stone Shaft Mining
39:07 Iron Casting
37:56 Elite Steppe Lancer
41:14 Blast Furnace
42:23 Conscription
41:34 Sappers
2ʙ♥ˡᵒᵛᵉᵧₒᵤ
1:30 Loom
9:53 Feudal Age
11:58 Double-Bit Axe
13:02 Horse Collar
21:13 Castle Age
33:57 Wheelbarrow
35:40 Hand Cart
35:38 Ballistas
35:39 Stone Mining
35:41 Gold Mining
40:28 Imperial Age
39:21 Gold Shaft Mining
40:12 Pikeman
40:53 Squires
41:04 Halberdier
41:31 Heavy Scorpion
43:25 Scale Mail Armor
43:35 Forging
44:37 Chain Mail Armor
44:34 Capped Ram
45:53 Iron Casting
46:39 Siege Ram
48:18 Siege Engineers
48:34 Ballistics
逆·风
0:27 Loom
10:52 Feudal Age
11:26 Double-Bit Axe
11:21 Horse Collar
17:12 Castle Age
15:25 Stone Mining
18:42 Bow Saw
18:33 Heavy Plow
18:58 Fletching
26:24 Padded Archer Armor
31:27 Bodkin Arrow
32:12 Leather Archer Armor
33:30 Wheelbarrow
32:40 Town Watch
35:15 Hand Cart
40:35 Imperial Age
38:41 Thumb Ring
37:58 Elite Skirmisher
38:23 Treadmill Crane
38:54 Masonry
39:56 Town Patrol
41:44 Conscription
40:45 Elite Plumed Archer
41:46 Bracer
42:16 Ring Archer Armor
42:53 Chemistry
42:13 Ballistics
42:25 Architecture
42:43 Fortified Wall
42:28 Murder Holes
43:22 Hul'che Javelineers
44:30 Hoardings
45:57 Coinage
46:50 Two-Man Saw
46:21 Crop Rotation
45:43 Gold Mining
46:29 Stone Shaft Mining
47:19 Ring Archer Armor
46:57 Sappers
47:39 Forging
47:30 Scale Mail Armor
WIZ
9:19 Feudal Age
8:56 Loom
10:03 Double-Bit Axe
10:00 Horse Collar
15:16 Scale Barding Armor
19:37 Wheelbarrow
23:31 Castle Age
24:07 Bloodlines
23:53 Light Cavalry
24:50 Husbandry
24:49 Gold Mining
25:11 Bow Saw
25:04 Heavy Plow
26:07 Chain Barding Armor
26:18 Hand Cart
27:45 Gold Shaft Mining
30:49 Town Watch
32:01 Stone Mining
34:38 Fletching
34:48 Padded Archer Armor
37:26 Thumb Ring
39:59 Imperial Age
38:10 Corvinian Army
40:34 Bodkin Arrow
42:15 Heavy Cavalry Archer
Kenchito
10:41 Feudal Age
11:19 Double-Bit Axe
12:42 Fletching
13:39 Padded Archer Armor
14:01 Town Watch
15:48 Horse Collar
18:17 Wheelbarrow
22:46 Castle Age
23:06 Gold Mining
22:51 Crossbowman
23:33 Bodkin Arrow
23:56 Bow Saw
25:06 Gold Shaft Mining
25:47 Ballistics
25:15 Loom
25:51 Heavy Plow
28:46 Stone Mining
29:14 Hand Cart
31:06 Town Patrol
40:17 Imperial Age
38:21 Leather Archer Armor
40:28 Arbalester
43:08 Chemistry
43:11 Bracer
46:01 Ring Archer Armor
The Stray King
7:13 Loom
9:00 Feudal Age
11:38 Double-Bit Axe
12:29 Bloodlines
16:52 Scale Barding Armor
19:02 Forging
21:15 Horse Collar
24:41 Castle Age
25:40 Bow Saw
25:37 Husbandry
25:04 Light Cavalry
26:16 Heavy Plow
29:49 Fletching
32:27 Wheelbarrow
33:59 Chain Barding Armor
33:50 Town Watch
34:22 Hand Cart
37:11 Iron Casting
36:43 Bodkin Arrow
37:12 Ballistics
37:58 Gold Mining
42:28 Imperial Age
40:54 Padded Archer Armor
43:31 Scale Mail Armor
45:54 Chemistry
44:56 Bracer
44:33 Cranequins
Don Gio
7:05 Loom
9:14 Feudal Age
11:19 Double-Bit Axe
12:52 Horse Collar
19:17 Castle Age
18:38 Gold Mining
19:31 Wheelbarrow
18:43 Town Watch
21:10 Heavy Plow
22:07 Bow Saw
26:36 Hand Cart
26:25 Town Patrol
28:39 Stone Mining
28:59 Scale Barding Armor
29:09 Forging
29:03 Scale Mail Armor
30:07 Chain Barding Armor
30:54 Stone Shaft Mining
33:59 Imperial Age
33:25 Iron Casting
33:06 Chain Mail Armor
33:58 Bloodlines
35:55 Blast Furnace
35:17 Conscription
34:18 Elite Teutonic Knight
34:54 Cavalier
37:27 Paladin
40:30 Caravan
Connection lost

Rejoining the realm…

Still unreachable

The connection could not be restored.

Session expired

The server has moved on; the page needs a fresh start.